 Dungeon Crawl Stone Soup version 0.27.0-1-g7a089689b8 (webtiles) character file.

Game seed: 11157377881569838528

51 SnakkuSnakku7 the Ruffian (level 3, -1/35 HPs)
             Began as a Troll Fire Elementalist on Aug 9, 2021.
             Slain by a scorpion (8 damage)
             ... on level 2 of the Dungeon.
             The game lasted 00:01:26 (1350 turns).

SnakkuSnakku7 the Ruffian (Troll Fire Elementalist) Turns: 1350, Time: 00:01:27

Health: -1/35      AC:  4    Str: 16    XL:     3   Next: 57%
Magic:  3/3        EV:  6    Int: 11    God:
Gold:   28         SH:  6    Dex: 11    Spells: 3/4 levels left

rFire    . . .     SeeInvis .     - Unarmed
rCold    . . .     Faith    .   h - +0 kite shield
rNeg     . . .     Spirit   .   i - +0 robe {Will+}
rPois    .         Reflect  .   (helmet restricted)
rElec    .         Harm     .   (no cloak)
rCorr    .         Rampage  .   (gloves unavailable)
Will     +....                  (boots unavailable)
Stlth    +.........             (no amulet)
HPRegen  1.11/turn              (no ring)
MPRegen  0.08/turn              (no ring)

@: lethally poisoned (-1 -> -4)
A: large, unfitting armour, claws 3, regeneration 1, shaggy fur 1, tough skin 1
a: no special abilities


You were on level 2 of the Dungeon.
You visited 1 branch of the dungeon, and saw 2 of its levels.

You collected 28 gold pieces.

Inventory:

Missiles
 g - 22 poisoned darts
Armour
 a - a +0 robe
 h - a +0 kite shield (worn)
 i - a +0 robe of willpower (worn)
Scrolls
 b - 3 scrolls of identify {unknown}
 d - a scroll of acquirement {unknown}
 e - 2 scrolls of fog {unknown}
 f - a scroll of vulnerability {unknown}
Potions
 c - a potion of ambrosia {unknown}


   Skills:
 + Level 1.7 Fighting
 - Level 1.5 Dodging
 - Level 1.0 Stealth
 + Level 2.2 Unarmed Combat
 - Level 1.2 Spellcasting
 - Level 0.6 Conjurations
 - Level 2.1 Fire Magic


You had 3 spell levels left.
You knew the following spells:

 Your Spells              Type           Power      Damage    Failure   Level
a - Foxfire               Conj/Fire      12%        2x1d4     77%         1

Your spell library contained the following spells:

 Spells                   Type           Power      Damage    Failure   Level
 Conjure Flame            Conj/Fire      3%         6-21      98%         3
 Inner Flame              Hex/Fire       3%         N/A       99%         3
 Sticky Flame             Conj/Fire      3%         2d3       100%        4
 Fireball                 Conj/Fire      1%         3d3       100%        5


Dungeon Overview and Level Annotations

Branches:
Dungeon (2/15)

Altars:
Yredelemnul


Innate Abilities, Weirdness & Mutations

You are too large for most types of armour.
You have claws for hands.
Your natural rate of healing is unusually fast.
You are covered in fur. (AC +1)
You have tough skin. (AC +1)


Message History

A scorpion is nearby!
A scorpion is nearby!
You scratch the scorpion.
The scorpion is lightly wounded.
The scorpion barely misses you.
The scorpion stings you but does no damage.
You closely miss the scorpion. The scorpion stings you.
You are poisoned.
The scorpion poisons you!
You claw the scorpion!
The scorpion is moderately wounded.
You feel very sick. The scorpion stings you. The scorpion closely misses you.
You closely miss the scorpion.
The scorpion is moderately wounded.
You feel very sick. The scorpion completely misses you.
You scratch the scorpion.
The scorpion is severely wounded.
You feel sick. The scorpion barely misses you. You block the scorpion's attack.
You closely miss the scorpion.
The scorpion is severely wounded.
You feel sick. The scorpion stings you.
Your shield prevents you from hitting the scorpion.
The scorpion is severely wounded.
You feel sick. The scorpion stings you.
You are more poisoned.
The scorpion poisons you! The scorpion stings you!
You are too injured to fight recklessly!
You are too injured to fight recklessly!
You scratch the scorpion but do no damage.
The scorpion is severely wounded.
You feel very sick. You block the scorpion's attack.
You scratch the scorpion.
The scorpion is almost dead.
You feel very sick.
The scorpion stings you but does no damage.
The scorpion stings you!
You die...

......#..####.....<(......#
..............##.#.########
.#..<....## #.#.#####
.....##..# # .........
.........# #.# #.#.....
...#.###.###.###.#...#
####'###.##..........
_8###....##.....s.#+##
...##....##.....@.+
...##.............#
....##+#..........# ###
.8..##.###........# ..#
....##.###........# #.#
...###............# #.#
)..##...##......###########
#.#
8.##.##.##................#
#.#
†.##.##.##..............#.#
#.#


You could see a scorpion.

Vanquished Creatures
  A gnoll (D:1)
  An adder (D:2)
  A dart slug (D:1)
  An endoplasm (D:2)
  2 giant cockroaches (D:1)
  4 goblins
  4 hobgoblins
  3 jackals (D:1)
  2 ball pythons (D:1)
  2 bats
  A frilled lizard (D:1)
  4 kobolds
  4 rats
30 creatures vanquished.

Vanquished Creatures (others)
  4 foxfires (D:1)
4 creatures vanquished.

Grand Total: 34 creatures vanquished

Notes
Turn   | Place    | Note
-------+----------+-------------------------------------------
     0 | D:1      | SnakkuSnakku7 the Troll Fire Elementalist began the quest
                  | for the Orb.
     0 | D:1      | Reached XP level 1. HP: 16/16 MP: 1/1
   219 | D:1      | Reached skill level 1 in Unarmed Combat
   223 | D:1      | Reached XP level 2. HP: 26/26 MP: 2/2
   345 | D:1      | Reached skill level 1 in Fighting
   675 | D:1      | Reached XP level 3. HP: 33/33 MP: 3/3
   941 | D:2      | Found a faded altar of an unknown god.
  1164 | D:2      | Found a basalt altar of Yredelemnul.
  1338 | D:2      | Noticed a scorpion
  1350 | D:2      | Slain by a scorpion

Illustrated notes

Levels and vault maps discovered:
D:1:      dpeg_arrival_three_smaller_balls, layout_basic
D:2:      layout_basic, hellmonk_ecumenical_altar_prayer_group, basic_altar,
          minmay_misc_feat_roman

Skill      XL: |  1  2  3 |
---------------+----------+-----
Unarmed Combat | 1 2 |  2.2
Fighting       | 1 |  1.7
Dodging        | |  1.5
Stealth        | |  1.0
Spellcasting   | |  1.2
Conjurations   | |  0.6
Fire Magic     | |  2.1

Action                   || total
-------------------------++-------
Melee: Unarmed           ||   105
 Cast: Foxfire           ||     2
 Stab: Sleeping          ||     1
Armor: Robe              ||    34
Dodge: Dodged            ||    52
Block: Kite shield       ||     2
